AoeStats
← kainann3

Nomad

503913413Analyzed
4v4 RM · 29d ago on Sep 3, 2026· 43m 35s· 8 players
Game mode
Random Map
Map size
231×231
Population
200
Speed
Normal
Resources
Standard
Victory
Conquest
Starting age
Dark Age
Ending age
Imperial Age
RankedLock teamsTeams togetherTeam positionsShared explorationLock speedFull tech treeHidden civsTurbo modeCheats
Victory
Defeat
🇺🇸 Wu · United States
1133
+15
🇨🇦 Goths · Canada
1121
+16
🇵🇾 Bulgarians · Paraguay
1108
+16
🇧🇷 Malay · Brazil
1089
+17
🇸🇪 Koreans · Sweden
1187
-18
🇦🇷 Maya · Argentina
1178
-19
🇧🇷 Vietnamese · Brazil
1064
-14
🇵🇪 Inca · Peru
1042
-13
Serving LOVE
3:35 Loom
17:41 Feudal Age
18:11 Fishing Lines
19:57 Double-Bit Axe
22:24 Wheelbarrow
24:24 Castle Age
24:01 Gold Mining
27:23 Scale Mail Armor
27:34 Forging
28:16 Stone Mining
29:03 Chain Mail Armor
29:24 Iron Casting
29:53 Squires
32:52 Anarchy
34:44 Hand Cart
34:15 Town Watch
ajanderson120
4:44 Loom
14:20 Feudal Age
19:14 Castle Age
17:43 Stone Mining
19:15 Fletching
19:30 Double-Bit Axe
20:35 Bow Saw
25:44 Bodkin Arrow
25:50 Padded Archer Armor
26:15 Gold Mining
27:09 Horse Collar
28:23 Gold Shaft Mining
29:48 Ballistics
31:31 Squires
31:34 Scale Mail Armor
33:19 Heavy Plow
38:22 Wheelbarrow
41:49 Imperial Age
40:55 Forging
41:04 Hand Cart
41:31 Leather Archer Armor
41:25 Red Cliffs Tactics
43:17 Bracer
43:43 Conscription
DANICW82
11:15 Loom
14:54 Feudal Age
20:07 Castle Age
19:14 Horse Collar
19:47 Double-Bit Axe
21:07 Fletching
22:18 Bow Saw
22:10 Heavy Plow
23:41 Wheelbarrow
23:03 Bodkin Arrow
24:37 Stone Mining
24:39 Gold Mining
29:36 Hand Cart
30:02 Forging
37:23 Imperial Age
35:00 Scale Barding Armor
35:31 Iron Casting
36:25 Chain Barding Armor
37:27 Husbandry
37:39 Bloodlines
36:53 Light Cavalry
37:39 Husbandry
37:49 Bloodlines
38:46 Plate Barding Armor
39:16 Blast Furnace
40:03 Elite Konnik
40:49 Capped Ram
41:58 Conscription
42:24 Crop Rotation
42:40 Siege Ram
BR_WO
14:09 Feudal Age
15:37 Man-at-Arms
18:36 Forging
18:51 Double-Bit Axe
19:07 Fishing Lines
24:43 Castle Age
22:41 Stone Mining
25:07 Long Swordsman
26:35 Stone Shaft Mining
31:50 Wheelbarrow
34:13 Bow Saw
34:11 Gillnets
35:02 Gold Mining
38:57 Imperial Age
37:12 Horse Collar
38:36 Gold Shaft Mining
39:28 Iron Casting
39:08 Capped Ram
39:33 Elite Karambit Warrior
40:34 Two-Handed Swordsman
11++
3:52 Loom
14:22 Feudal Age
17:35 Double-Bit Axe
18:57 Fletching
20:43 Padded Archer Armor
21:38 Town Watch
27:04 Castle Age
29:08 Leather Archer Armor
29:11 Bodkin Arrow
29:55 Crossbowman
30:51 Thumb Ring
33:59 Wheelbarrow
kainann3
5:37 Loom
16:43 Feudal Age
22:47 Castle Age
21:18 Double-Bit Axe
21:35 Town Watch
23:47 Bow Saw
25:14 Wheelbarrow
24:21 Horse Collar
30:13 Fletching
30:24 Padded Archer Armor
33:01 Bodkin Arrow
33:21 Leather Archer Armor
33:25 Elite Skirmisher
41:58 Imperial Age
39:46 Hand Cart
39:31 Town Patrol
40:50 Demolition Ship
LuchooOo
8:42 Loom
14:11 Feudal Age
16:06 Double-Bit Axe
17:14 Fletching
18:37 Wheelbarrow
22:25 Castle Age
20:53 Town Watch
22:46 Forging
22:42 Padded Archer Armor
22:39 Fishing Lines
22:47 Eagle Warrior
24:02 Squires
28:56 Scale Mail Armor
33:04 Crossbowman
38:16 Chain Mail Armor
scarabe
6:32 Loom
8:08 Loom
12:36 Feudal Age
13:33 Double-Bit Axe
20:25 Castle Age
18:28 Fletching
20:28 Horse Collar
21:36 Gold Mining
30:19 Imperial Age
28:15 Forging
29:38 Heavy Plow
32:57 Iron Casting
32:23 Town Watch
33:15 Wheelbarrow
36:40 Chemistry
38:26 Gambesons
39:34 Bodkin Arrow
39:40 Scale Mail Armor
39:46 Murder Holes
42:27 Chain Mail Armor
Connection lost

Rejoining the realm…

Still unreachable

The connection could not be restored.

Session expired

The server has moved on; the page needs a fresh start.